 Dungeon Crawl Stone Soup version 0.31-a0-636-ge1c0e020e0 (webtiles) character file.

Game seed: 7549348196039972012

37 thirtiethelement the Shooter (level 3, 0/42 HPs)
             Began as a Demonspawn Hunter on Aug 26, 2023.
             Slain by a kobold
             ... wielding a +0 whip
              (1 damage)
             ... on level 2 of the Dungeon.
             The game lasted 00:02:14 (761 turns).

thirtiethelement the Shooter (Demonspawn Hunter)     Turns: 761, Time: 00:02:15

Health: 0/42       AC: 21    Str: 11    XL:     3   Next: 23%
Magic:  3/3        EV: -1    Int: 10    God:
Gold:   62         SH:  0    Dex: 18    Spells: 2/2 levels left

rFire   . . .        a - +0 shortbow
rCold   . . .        (shield currently unavailable)
rNeg    . . .        c - melded +0 leather armour
rPois   +            (helmet currently unavailable)
rElec   .            (cloak currently unavailable)
rCorr   .            (gloves currently unavailable)
SInv    .            (boots currently unavailable)
Will    +....        (no amulet)
Stlth   ++           (no ring)
HPRegen 0.27/turn    (no ring)
MPRegen 0.16/turn

%: no passive effects
@: tree-form, enlightened, constricted
A: stationary, stasis, torment immunity, boosted hp, repulsion field 1, magic
regeneration, high MP 1
a: no special abilities


You were on level 2 of the Dungeon.
You were a tree.
You visited 1 branch of the dungeon, and saw 2 of its levels.

You collected 62 gold pieces.

Inventory:

Hand Weapons
 a - a +0 shortbow (weapon)
 b - a +0 dagger
Armour
 c - a +0 leather armour (melded)
Jewellery
 g - a ring of resist corrosion
Scrolls
 k - a scroll of silence {unknown}
 m - a scroll of blinking {unknown}
 n - a scroll of butterflies
Potions
 j - a potion of curing {unknown}
 l - a potion of cancellation {unknown}


   Skills:
 + Level 2.3 Fighting
 + Level 4.4 Ranged Weapons
 + Level 1.7 Dodging
 + Level 1.0 Stealth


You had 2 spell levels left.
You didn't know any spells.
Your spell library contained the following spells:

 Spells                   Type           Power      Damage    Failure   Level
 Kiss of Death            Conj/Necr      0%         2d5       36%         1
 Confusing Touch          Hex            0%         N/A       75%         3
 Dispel Undead            Necr           0%         3d6       98%         4


Dungeon Overview and Level Annotations

Branches:
Dungeon (2/15)

Altars:

Annotations:
D:2 Sigmund, Terence


Innate Abilities, Weirdness & Mutations

You are a tree.
Your roots penetrate the ground, keeping you stationary.
You cannot be teleported.
You are immune to unholy pain and torment.
Your maximum health is greatly increased.
Your equipment is partially melded.
You are surrounded by a mild repulsion field. (EV +2)
You regenerate magic rapidly.
You have an increased reservoir of magic. (+10% MP)


Message History

You shoot an arrow. The arrow hits the hobgoblin!
You kill the hobgoblin!
You shoot an arrow. The arrow closely misses the kobold.
The arrow hits the hobgoblin!
You kill the hobgoblin!
You hear a shout!
The kobold barely misses you.
You shoot an arrow. The arrow misses the kobold.
The ball python hisses angrily.
The arrow hits the rat.
You kill the rat!
You hear an angry hiss.
Terence the Incautious comes into view.
He is wielding a +0 morningstar.
The kobold hits you but does no damage. Something hits you.
* * * LOW HITPOINT WARNING * * *
You shoot an arrow.
The arrow hits the kobold but does no damage.
The kobold is moderately wounded.
The kobold hits you with a +0 whip.
* * * LOW HITPOINT WARNING * * *
The kobold hits you with a +0 whip.
* * * LOW HITPOINT WARNING * * *
Something hits you but does no damage.
It was a potion of enlightenment.
You feel very buoyant.
You fly up into the air.
An adder comes into view.
The kobold hits you but does no damage.
It was a potion of mutation.
You feel extremely strange.
You feel more energetic. Something hits you.
* * * LOW HITPOINT WARNING * * *
The ball python bites you but does no damage.
The ball python barely misses you. The kobold misses you.
It was a potion of lignification.
You turn into a tree.
Your +0 leather armour melds into your body.
Your roots penetrate the ground.
The ball python barely misses you. The ball python grabs you.
The ball python constricts you. The kobold hits you with a +0 whip.
You die...

#.# #....# ##.# #....
####..# #[... #.@.$.#
##.### ####.###.##
###..# #....#
#.(######...#### #.####
##...)..........
##.##############.######
#..gS†K♣S.# #.#
#...r#####.?# ..# #.....
S.# .### #..#..J .# ..
#..##.r[ ... ##. #gr? ..
#. .:.. . r#...


You could see 2 adders, a hobgoblin, a ball python, a kobold and a rat.

Vanquished Creatures
  2 dart slugs (D:1)
  2 bats (D:1)
  4 endoplasms
  2 giant cockroaches
  A goblin (D:1)
  3 hobgoblins
  4 jackals (D:1)
  2 quokkas
  3 ball pythons (D:1)
  2 frilled lizards
  2 kobolds
  2 rats
29 creatures vanquished.

Notes
Turn   | Place    | Note
-------+----------+-------------------------------------------
     0 | D:1      | thirtiethelement the Demonspawn Hunter began the quest for
                  | the Orb.
     0 | D:1      | Reached XP level 1. HP: 16/16 MP: 1/1
   152 | D:1      | Reached skill level 4 in Ranged Weapons
   152 | D:1      | Gained mutation: You regenerate magic rapidly. [demonic
                  | ancestry]
   152 | D:1      | Reached XP level 2. HP: 22/22 MP: 2/2
   336 | D:1      | You fall into a shaft and drop 1 floor!
   675 | D:2      | Gained mutation: You are surrounded by a mild repulsion
                  | field. (EV +2) [demonic ancestry]
   675 | D:2      | Reached XP level 3. HP: 27/27 MP: 3/3
   696 | D:2      | Noticed Sigmund
   731 | D:2      | Reached skill level 1 in Stealth
   757 | D:2      | Noticed Terence
   758 | D:2      | HP: 1/28 [kobold/+0 whip (5)]
   760 | D:2      | Gained mutation: You have an increased reservoir of magic.
                  | (+10% MP) [potion of mutation]
   761 | D:2      | Slain by a kobold

Illustrated notes

Levels and vault maps discovered:
D:1:      matt_arrival_spirals, layout_rooms
D:2:      layout_rooms, basic_altar, minmay_circle_x, uniq_sigmund, uniq_terence

Skill      XL: |  1  2  3 |
---------------+----------+-----
Ranged Weapons | 4 |  4.4
Stealth        | 1 |  1.0
Fighting       | |  2.3
Dodging        | |  1.7

Action                     || total
---------------------------++-------
   Fire: Shortbow          ||    91
    Use: Potion            ||     3
         Scroll            ||     2
 Armour: Leather armour    ||    14
  Dodge: Dodged            ||    28

Table legend: (Time is in decaauts)
 A = Elapsed time spent in this place.
 B = Non-inter-level travel time spent in this place.
 C = Inter-level travel time spent in this place.
 D = Time resting spent in this place.
 E = Time spent auto-exploring this place.
 F = Levels seen in this place.
 G = Mean time per level.
                   A        B        C        D        E       F      G
               +--------+--------+--------+--------+--------+-----+--------+
         Total |    782 |    755 |     27 |      0 |    550 |   2 |  391.0 |
       Dungeon |    782 |    755 |     27 |      0 |    550 |   2 |  391.0 |
               +--------+--------+--------+--------+--------+-----+--------+

Top non-repeatable levels by time:
     D:1: 684 daAuts
     D:2: 97 daAuts
